 Seeded DCSS version 0.27.1-35-g4d5d836560 (webtiles) character file.

Game seed: 12543261677 (custom seed)

2427 xaos the Basher (level 9, 0/78 HPs)
             Began as a Troll Hunter on Mar 21, 2022.
             Was a Believer of Hepliaklqana.
             Slain by a two-headed ogre (18 damage)
             ... on level 7 of the Dungeon on Mar 23, 2022.
             The game lasted 01:01:29 (6914 turns).

xaos the Basher (Troll Hunter)                      Turns: 6914, Time: 01:01:30

Health: 0/78       AC:  4    Str: 24    XL:     9   Next: 24%
Magic:  8/8        EV: 11    Int:  7    God:    Hepliaklqana [**....]
Gold:   517        SH:  0    Dex: 11    Spells: 8/8 levels left

rFire    + . .     SeeInvis .   D - +2 flail (protect)
rCold    x . .     Faith    .   (no shield)
rNeg     . . .     Spirit   .   b - +0 robe
rPois    .         Reflect  .   (helmet restricted)
rElec    .         Harm     .   (no cloak)
rCorr    .         Rampage  .   (gloves unavailable)
Will     +....                  (boots unavailable)
Stlth    +.........             x - amulet of regeneration
HPRegen  2.23/turn              e - ring of fire
MPRegen  0.11/turn              q - ring of willpower

@: no status effects
A: reduced essence, large, unfitting armour, claws 3, regeneration 1, shaggy fur
1, tough skin 1
a: Renounce Religion, Ancestor Life: Knight, Ancestor Life: Battlemage, Ancestor
Life: Hexer, Recall Ancestor, Ancestor Identity


You were on level 7 of the Dungeon.
You worshipped Hepliaklqana.
Hepliaklqana was pleased with you.
You visited 2 branches of the dungeon, and saw 8 of its levels.
You also visited: Ossuary.

You collected 517 gold pieces.

Inventory:

Hand Weapons
 p - a +1 whip of holy wrath
 y - a +0 dagger of speed
 D - a +2 flail of protection (weapon)
 K - a +0 hunting sling
 S - a +2 long sword of draining
Missiles
 a - 47 sling bullets
 c - 5 large rocks
 d - 2 throwing nets
 f - 131 stones
 h - 20 bolts
 j - 20 poisoned darts
 H - 25 arrows
Armour
 b - a +0 robe (worn)
 F - a +2 helmet
Jewellery
 e - a ring of fire (left claw)
 q - a ring of willpower (right claw)
 r - a ring of see invisible
 t - a +6 ring of strength
 x - an amulet of regeneration (around neck)
 M - a ring of resist corrosion
Wands
 k - a wand of flame (18)
 w - a wand of paralysis (8) (quivered)
Scrolls
 i - a scroll of fear {unknown}
 m - 3 scrolls of enchant weapon {unknown}
 n - 2 scrolls of noise {unknown}
 s - 11 scrolls of identify {unknown}
 C - a scroll of immolation {unknown}
 E - a scroll of enchant armour {unknown}
 J - 2 scrolls of teleportation
 N - a scroll of holy word {unknown}
 O - a scroll of blinking {unknown}
 P - a scroll of summoning {unknown}
 Q - a scroll of acquirement {unknown}
 R - a scroll of amnesia {unknown}
Potions
 g - 2 potions of haste {unknown}
 l - a potion of brilliance
 o - 2 potions of heal wounds {unknown}
 u - 5 potions of curing
 v - 3 potions of magic {unknown}
 z - 3 potions of attraction {unknown}
 A - 3 potions of cancellation {unknown}
 B - 2 potions of lignification {unknown}
 G - 3 potions of degeneration {unknown}
 I - a potion of resistance {unknown}
 L - a potion of flight {unknown}


   Skills:
 + Level 4.8 Fighting
 - Level 0.5 Short Blades
 + Level 8.0 Maces & Flails
 - Level 3.9 Throwing
 + Level 5.6 Dodging
 - Level 0.3 Stealth


You had 8 spell levels left.
You didn't know any spells.
Your spell library contained the following spells:

 Spells                   Type           Power      Damage    Failure   Level
 Animate Skeleton         Necr           0%         N/A       43%         1
 Apportation              Tloc           0%         N/A       43%         1
 Corona                   Hex            0%         N/A       43%         1
 Freeze                   Ice            0%         1d3       43%         1
 Summon Small Mammal      Summ           0%         N/A       43%         1
 Frozen Ramparts          Ice            0%         1d2       80%         3
 Hailstorm                Conj/Ice       0%         3d3       99%         4


Dungeon Overview and Level Annotations

Branches:
Dungeon (7/15)             Temple (1/1) D:6         Ossuary (visited)

Altars:
Cheibriados
Dithmenos
Elyvilon
Hepliaklqana
Kikubaaqudgha
Makhleb
Nemelex Xobeh
Qazlal
Ru
Sif Muna
Trog
Uskayaw
Zin
The Shining One

Shops:
D:3 *


Innate Abilities, Weirdness & Mutations

Your life essence is reduced to manifest your ancestor. (-10% HP)
You are too large for most types of armour.
You have claws for hands.
Your natural rate of healing is unusually fast.
You are covered in fur. (AC +1)
You have tough skin. (AC +1)


Message History

You thump the two-headed ogre!
Your weapon exudes an aura of protection.
The two-headed ogre is moderately wounded.
The two-headed ogre hits you with a +0 giant club!
The two-headed ogre hits you with a +0 dire flail!
You swap places.
The two-headed ogre hits Sextus with a +0 giant club!!
The two-headed ogre barely misses Sextus.
The bullfrog hits Sextus but does no damage.
Sextus hits the two-headed ogre.
You swap places.
The bullfrog hits you but does no damage.
The two-headed ogre hits you with a +0 giant club!
The two-headed ogre hits you with a +0 dire flail.
You hit the bullfrog.
The bullfrog is moderately wounded.
The bullfrog hits you. The bullfrog barely misses you.
You sock the two-headed ogre!
The two-headed ogre is heavily wounded.
The bullfrog closely misses you.
The two-headed ogre hits you with a +0 giant club!!
The two-headed ogre barely misses you.
You swap places.
The bullfrog closely misses Sextus.
The two-headed ogre barely misses Sextus.
The two-headed ogre closely misses Sextus.
The bullfrog closely misses Sextus.
Sextus hits the two-headed ogre but does no damage.
The bullfrog hits Sextus.
The two-headed ogre barely misses Sextus.
The two-headed ogre hits Sextus with a +0 dire flail.
Sextus hits the two-headed ogre!
Unknown command.
The bullfrog hits Sextus.
The bullfrog hits Sextus but does no damage.
Sextus hits the two-headed ogre.
You swap places.
The two-headed ogre hits you with a +0 giant club!!
* * * LOW HITPOINT WARNING * * *
The two-headed ogre hits you with a +0 dire flail!!
You die...

#.)........
####....<.....
#............#
###..........#
##...######..
#....# ...
#....## ...
#....R###.....
##..##@O......
#.####F......
#.# .......
..# #......
...# ......
..#.# ......
#..#. ..##.
###


You could see the friendly Sextus the ancestor, a two-headed ogre (ally target)
and a bullfrog.

Vanquished Creatures
  Maggie (D:7)
  A kobold demonologist (D:6)
  Duvessa (D:5)
  2 sky beasts
  An ice beast (D:6)
  An ogre (D:5)
  3 phantoms
  A bullfrog (D:6)
  Dowan (D:5)
  A scorpion (D:6)
  A water moccasin zombie (D:5)
  A water moccasin skeleton (D:5)
  A howler monkey (D:5)
  A bullfrog zombie (D:6)
  A bullfrog skeleton (D:4)
  2 centaur zombies (Ossuary)
  5 hounds
  An orc priest (D:6)
  3 iguanas
  Natasha (thrice) (D:4)
  2 ogre zombies (Ossuary)
  5 mummies (Ossuary)
  Robin (D:3)
  4 adders
  A shadow imp (D:7)
  4 adder zombies (Ossuary)
  A worm (D:3)
  A dart slug (D:2)
  11 orcs
  7 ball pythons
  4 bats (D:1)
  7 endoplasms
  3 giant cockroaches
  10 goblins
  8 hobgoblins
  10 jackals
  6 quokkas
  5 frilled lizards
  2 gnoll zombies (Ossuary)
  7 goblin zombies (Ossuary)
  2 hobgoblin zombies (Ossuary)
  3 kobolds
  A kobold zombie (Ossuary)
  6 quokka zombies (Ossuary)
  3 rats
  A rat zombie (Ossuary)
  A spectral hobgoblin (D:3)
148 creatures vanquished.

Vanquished Creatures (collateral kills)
  A bullfrog (D:6)
  An ogre zombie (Ossuary)
  3 mummies
  A howler monkey zombie (D:7)
  An orc (D:7)
  A hobgoblin zombie (Ossuary)
  A quokka zombie (Ossuary)
9 creatures vanquished.

Vanquished Creatures (others)
  An adder (D:2)
1 creature vanquished.

Grand Total: 158 creatures vanquished

Notes
Turn   | Place    | Note
-------+----------+-------------------------------------------
     0 | D:1      | xaos the Troll Hunter began the quest for the Orb.
     0 | D:1      | Reached XP level 1. HP: 19/19 MP: 0/0
   209 | D:1      | Reached XP level 2. HP: 27/27 MP: 1/1
   908 | D:2      | Reached XP level 3. HP: 35/35 MP: 2/2
  1156 | D:2      | Found a bloodstained altar of Trog.
  1336 | D:3      | Found a faded altar of an unknown god.
  1399 | D:3      | Reached XP level 4. HP: 30/42 MP: 3/3
  1421 | D:3      | Found Yloelaokk's General Store.
  1613 | D:3      | Reached skill level 1 in Maces & Flails
  1744 | D:3      | Found a sacrificial altar of Ru.
  1747 | D:3      | Noticed Robin
  1786 | D:3      | Killed Robin
  2449 | D:4      | Reached skill level 2 in Maces & Flails
  2449 | D:4      | Reached XP level 5. HP: 50/50 MP: 4/4
  2538 | D:4      | Noticed Natasha
  2570 | D:4      | Killed Natasha
  2571 | D:4      | Reached skill level 3 in Maces & Flails
  2571 | D:4      | Reached XP level 6. HP: 56/59 MP: 5/5
  2777 | D:4      | Reached skill level 4 in Maces & Flails
  2804 | D:4      | Noticed Natasha
  2811 | D:4      | Killed Natasha
  2936 | D:4      | Noticed Natasha
  2957 | D:4      | Killed Natasha
  3144 | D:5      | Entered Level 5 of the Dungeon
  3187 | D:5      | Found a hazy altar of Hepliaklqana.
  3219 | D:5      | Became a worshipper of Hepliaklqana the Forgotten
  3243 | D:5      | Reached XP level 7. HP: 67/67 MP: 6/6
  3420 | D:5      | Noticed Dowan
  3422 | D:5      | Noticed Duvessa
  3451 | D:5      | Killed Duvessa
  3452 | D:5      | Reached skill level 5 in Maces & Flails
  3470 | D:5      | Killed Dowan
  3847 | D:5      | Reached XP level 8. HP: 56/78 MP: 7/7
  4205 | D:6      | Reached skill level 6 in Maces & Flails
  4221 | D:6      | Found a white marble altar of Elyvilon.
  4224 | D:6      | Noticed a kobold demonologist
  4238 | D:6      | Noticed a hellwing
  4239 | D:6      | Noticed an orange demon
  4274 | D:6      | Killed a kobold demonologist
  4314 | D:6      | Reached * piety under Hepliaklqana
  4340 | D:6      | Reached skill level 5 in Dodging
  4561 | D:6      | Reached skill level 7 in Maces & Flails
  4620 | D:6      | Found a glowing silver altar of Zin.
  4701 | D:6      | Found a sand-covered staircase.
  4711 | Ossuary  | Entered an ossuary
  4820 | Ossuary  | Reached XP level 9. HP: 76/76 MP: 8/8
  5241 | D:6      | Found a staircase to the Ecumenical Temple.
  5254 | Temple   | Entered the Ecumenical Temple
  6090 | D:6      | Found a stormy altar of Qazlal.
  6374 | D:6      | Reached ** piety under Hepliaklqana
  6847 | D:7      | Noticed Maggie
  6858 | D:7      | Killed Maggie
  6859 | D:7      | Reached skill level 8 in Maces & Flails
  6902 | D:7      | Noticed a two-headed ogre
  6914 | D:7      | Slain by a two-headed ogre

Illustrated notes

Levels and vault maps discovered:
D:1:      dpeg_arrival_arbitrary_b, layout_basic, serial_co_window_serial,
          co_window_of_opportunity_a, co_window_paths_a, co_window_paths_a,
          co_window_corner_a, co_window_paths_a, co_window_corner_a,
          co_window_paths_a, co_window_unsneaky_path_e,
          co_window_of_opportunity_b, co_window_paths_c, co_window_corner_b,
          co_window_paths_e, glass_columns_a, glass_columns_a, glass_columns_c
D:2:      layout_loops_cross, basic_altar, lemuel_old_faithful
D:3:      layout_basic, nicolae_ru_sacrificial_ziggurat,
          dreamdust_ecumenical_altar_drowned_temple, serial_shops,
          nicolae_shop_stone, st_stairs_6, uniq_robin
D:4:      layout_basic, hangedman_decor_points, uniq_natasha
D:5:      layout_basic, overflow_temple_1_default,
          corexii_item_surrounded_by_moat, uniq_duvessa
D:6:      kennysheep_spiral_hall, layout_basic,
          nicolae_qazlal_general_emergency, mainiacjoe_overflow_small_starburst,
          elyvilon_altar_3, minmay_temple_entry_tees, gup_ossuary_entry_pyramid
D:7:      layout_layer_cave, mainiacjoe_overflow_surrounded_room,
          dk_noncrumbling_3, uniq_maggie
Temple:   compressed_dpeg_triangle_lava_temple

Skill      XL: |  1  2  3  4  5  6  7  8  9 |
---------------+----------------------------+-----
Fighting       | 2 3 4 |  4.8
Dodging        | 2 3 4 5 |  5.6
Maces & Flails | 2 3 4 5 7 8 |  8.0
Short Blades   | |  0.5
Throwing       | |  3.9
Stealth        | |  0.3

Action                   |  1- 3 |  4- 6 |  7- 9 || total
-------------------------+-------+-------+-------++-------
Melee: Short sword       |    80 |       |       ||    80
       Flail             |    60 |   227 |   317 ||   604
  Use: Potion            |     1 |       |     1 ||     2
       Scroll            |     1 |       |       ||     1
 Stab: Sleeping          |     1 |       |     1 ||     2
       Distracted        |       |       |     1 ||     1
Armor: Robe              |    74 |   111 |   169 ||   354
Dodge: Dodged            |   124 |   145 |   203 ||   472
